 Dungeon Crawl Stone Soup version 0.30-a0-358-g0d69a1922f (webtiles) character file.

Game seed: 8825772686843130193

1935 ragingrage the Skirmisher (level 8, -5/39 HPs)
             Began as a Spriggan Hunter on Nov 9, 2022.
             Slain by a wyvern (14 damage)
             ... on level 7 of the Dungeon.
             The game lasted 00:04:37 (4653 turns).

ragingrage the Skirmisher (Spriggan Hunter)         Turns: 4653, Time: 00:04:37

Health: -5/39      AC:  3    Str:  7    XL:     8   Next: 97%
Magic:  9/9        EV: 18    Int: 10    God:
Gold:   262        SH:  0    Dex: 21    Spells: 7/7 levels left

rFire   . . .      SeeInvis +    a - +0 shortbow
rCold   . . .      Faith    .    (shield currently unavailable)
rNeg    . . .      Spirit   .    c - +0 robe
rPois   .          Reflect  .    (helmet restricted)
rElec   .          Harm     .    o - +0 cloak
rCorr   .          Rampage  .    (gloves unavailable)
Will    +....                    (boots unavailable)
Stlth   +++.......               k - amulet of regeneration
HPRegen 1.06/turn                (no ring)
MPRegen 0.11/turn                (no ring)

@: very quick
A: very small, no large weapons, unfitting armour, see invisible, speed 3
a: no special abilities


You were on level 7 of the Dungeon.
You visited 2 branches of the dungeon, and saw 8 of its levels.

You collected 262 gold pieces.

Inventory:

Hand Weapons
 a - a +0 shortbow (weapon)
Missiles
 h - 5 poisoned darts
Armour
 c - a +0 robe (worn)
 o - a +0 cloak (worn)
Jewellery
 k - an amulet of regeneration (around neck)
Wands
 p - a wand of light (12)
 x - a wand of flame (1)
Scrolls
 b - 2 scrolls of immolation
 e - a scroll of blinking {unknown}
 g - a scroll of magic mapping
 i - a scroll of poison {unknown}
 j - 3 scrolls of amnesia
 n - a scroll of torment {unknown}
 r - 2 scrolls of identify
 s - 2 scrolls of fear {unknown}
 t - 3 scrolls of teleportation {unknown}
 u - a scroll of silence {unknown}
 w - a scroll of summoning {unknown}
 y - a scroll of noise {unknown}
 C - a scroll of enchant armour {unknown}
Potions
 d - 4 potions of brilliance
 f - a potion of cancellation {unknown}
 l - 3 potions of curing {unknown}
 m - 2 potions of might
 q - 2 potions of lignification {unknown}
 v - a potion of haste
 z - a potion of attraction {unknown}
 A - a potion of heal wounds {unknown}
 B - a potion of ambrosia {unknown}


   Skills:
 - Level 2.0 Fighting
 + Level 12.0 Ranged Weapons
 - Level 3.3 Dodging
 - Level 2.7 Stealth


You had 7 spell levels left.
You didn't know any spells.
Your spell library contained the following spells:

 Spells                   Type           Power      Damage    Failure   Level
 Magic Dart               Conj           0%         1d3       36%         1
 Searing Ray              Conj           0%         2d4       50%         2
 Fulminant Prism          Conj/Hex       0%         3d5       98%         4
 Malign Gateway           Summ/Tloc      0%         N/A       100%        7
 Summon Horrible Things   Summ           0%         N/A       100%        8
 Chain Lightning          Conj/Air       0%         N/A       100%        9
 Fire Storm               Conj/Fire      0%         5d1       100%        9
 Shatter                  Erth           0%         3d5*      100%        9


Dungeon Overview and Level Annotations

Branches:
Dungeon (7/15)             Temple (1/1) D:5

Altars:
Cheibriados
Dithmenos
Elyvilon
Fedhas
Gozag
Kikubaaqudgha
Makhleb
Nemelex Xobeh
Qazlal
Ru
Sif Muna
Trog
Uskayaw
Vehumet
Wu Jian
Xom
Yredelemnul
Zin
The Shining One

Annotations:
D:4 2 transporters, Encipher's ghost, amateur AtFi
D:5 2 transporters


Innate Abilities, Weirdness & Mutations

You are very small and have problems with some larger weapons.
You are too small for most types of armour.
You have supernaturally acute eyesight. (SInv)
You cover ground extremely quickly. (Speed+++)


Message History

The arrow hits the wyvern but does no damage.
You feel sick. The wyvern barely misses you.
Fire: a) +0 shortbow
Press: ? - help, Q - select action, (/) - cycle Shift-Dir - straight line, f/p - wyvern
Aim: a wyvern (69% to hit)
You shoot an arrow. The arrow closely misses the wyvern.
You feel sick. The wyvern misses you. The wyvern completely misses you.
Fire: a) +0 shortbow
Press: ? - help, Q - select action, (/) - cycle Shift-Dir - straight line, f/p - wyvern
Aim: a wyvern (69% to hit)
You shoot an arrow. The arrow hits the wyvern.
The wyvern is lightly wounded.
You feel sick. The wyvern closely misses you.
Fire: a) +0 shortbow
Press: ? - help, Q - select action, (/) - cycle Shift-Dir - straight line, f/p - wyvern
Aim: a wyvern (lightly wounded, 69% to hit)
You shoot an arrow. The arrow completely misses the wyvern.
The wyvern closely misses you. The white imp misses you.
You feel sick.
You are no longer poisoned.
Fire: a) +0 shortbow
Press: ? - help, Q - select action, (/) - cycle Shift-Dir - straight line, f/p - wyvern
Aim: a wyvern (lightly wounded, 69% to hit)
You shoot an arrow. The arrow hits the wyvern!
The wyvern is moderately wounded.
The wyvern bites you. The wyvern barely misses you.
Fire: a) +0 shortbow
Press: ? - help, Q - select action, (/) - cycle Shift-Dir - straight line, f/p - wyvern
Aim: a wyvern (moderately wounded, 69% to hit)
You shoot an arrow. The arrow hits the wyvern.
The wyvern is heavily wounded.
The wyvern bites you!
* * * LOW HITPOINT WARNING * * *
Fire: a) +0 shortbow
Press: ? - help, Q - select action, (/) - cycle Shift-Dir - straight line, f/p - wyvern
Aim: a wyvern (heavily wounded, 69% to hit)
You shoot an arrow. The arrow hits the wyvern.
The wyvern is severely wounded.
The wyvern bites you!
You die...

###### #### #....#
#..###### #....#
#.5l@.(.#######....#
#.#####............#
........#
########.....#
######..########
#.....# .........<#
#.....# ##.........#
##.....#
#.........####..#####
#................#
#...............##


You could see a wyvern and a white imp.

Vanquished Creatures
  Grinder (D:6)
  A sky beast (D:6)
  2 ogres
  A centaur (D:6)
  4 phantoms
  3 necrophages
  4 scorpions
  A killer bee (D:7)
  A howler monkey (D:7)
  A hound (D:5)
  2 gnoll boudas
  A jelly (D:6)
  Crazy Yiuf (D:2)
  Ijyb (D:5)
  An orc wizard (D:4)
  2 iguanas
  Robin (D:3)
  12 gnolls
  7 adders
  4 worms
  10 dart slugs
  15 orcs
  5 bats
  4 endoplasms
  6 giant cockroaches
  13 goblins
  14 hobgoblins
  9 jackals
  A quokka (D:1)
  5 ball pythons
  8 frilled lizards
  9 kobolds
  8 rats
158 creatures vanquished.

Notes
Turn   | Place    | Note
-------+----------+-------------------------------------------
     0 | D:1      | ragingrage the Spriggan Hunter began the quest for the Orb.
     0 | D:1      | Reached XP level 1. HP: 10/10 MP: 2/2
   126 | D:1      | Reached XP level 2. HP: 15/15 MP: 3/3
   402 | D:1      | Reached XP level 3. HP: 18/18 MP: 4/4
  1091 | D:2      | Found a runed translucent door.
  1092 | D:2      | Noticed Crazy Yiuf
  1244 | D:2      | Reached XP level 4. HP: 23/23 MP: 5/5
  1398 | D:2      | Killed Crazy Yiuf
  1399 | D:2      | Reached skill level 5 in Ranged Weapons
  1576 | D:3      | Noticed Robin
  1870 | D:3      | Reached XP level 5. HP: 26/26 MP: 6/6
  1945 | D:3      | Killed Robin
  2090 | D:4      | Reached skill level 6 in Ranged Weapons
  2099 | D:4      | Found a transporter.
  2107 | D:4      | Found a transporter.
  2114 | D:4      | Found a sacrificial altar of Ru.
  2206 | D:4      | Noticed Encipher's ghost (amateur AtFi)
  2238 | D:4      | Noticed a phantom
  2247 | D:4      | Killed a phantom
  2248 | D:4      | Reached XP level 6. HP: 30/30 MP: 7/7
  2325 | D:4      | Reached skill level 7 in Ranged Weapons
  2531 | D:4      | Reached skill level 8 in Ranged Weapons
  2552 | D:4      | Reached XP level 7. HP: 35/35 MP: 8/8
  2745 | D:4      | Identified the +1 leather armour of Ru's Supremacy {+Blink
                  | Str+5}
  2995 | D:5      | Entered Level 5 of the Dungeon
  3013 | D:5      | Reached skill level 9 in Ranged Weapons
  3064 | D:5      | Found a transporter.
  3226 | D:5      | Noticed Ijyb
  3239 | D:5      | Killed Ijyb
  3305 | D:5      | Found a staircase to the Ecumenical Temple.
  3331 | D:5      | Reached XP level 8. HP: 33/39 MP: 9/9
  3360 | Temple   | Entered the Ecumenical Temple
  3493 | D:5      | Reached skill level 10 in Ranged Weapons
  3640 | D:5      | Found a transporter.
  3810 | D:6      | Found an opulent altar of Gozag.
  4032 | D:6      | Noticed Grinder
  4042 | D:6      | Killed Grinder
  4043 | D:6      | Reached skill level 11 in Ranged Weapons
  4118 | D:6      | Found a burning altar of Makhleb.
  4642 | D:7      | Reached skill level 12 in Ranged Weapons
  4653 | D:7      | Slain by a wyvern

Illustrated notes

Levels and vault maps discovered:
D:1:      lemuel_arrival_river_bridge, layout_loops_ring
D:2:      layout_loops_cross, minivault_24, uniq_crazy_yiuf_cottage
D:3:      layout_basic, serial_curves, eino_curves_04, eino_curves_01,
          uniq_robin
D:4:      kb_forest_paths, layout_basic, nicolae_ru_great_annihilating_truth,
          gammafunk_ghost_stat_death
D:5:      gammafunk_wand_slinger, layout_cave_pools, temple_pool_b, uniq_ijyb
D:6:      layout_basic, hangedman_feature_mirror, uniq_grinder
D:7:      layout_rooms, roderic_lattice_a, kennysheep_generic_room_5,
          uniq_menkaure
Temple:   mainiacjoe_temple_coin_purse

Skill      XL: |  1  2  3  4  5  6  7  8 |
---------------+-------------------------+-----
Stealth        | 2 |  2.7
Dodging        | 3 |  3.3
Fighting       | 2 |  2.0
Ranged Weapons | 5 6 8 9 12 | 12.0

Action                   |  1- 3 |  4- 6 |  7- 9 || total
-------------------------+-------+-------+-------++-------
 Fire: Shortbow          |   149 |   183 |   289 ||   621
  Use: Scroll            |       |       |     4 ||     4
Armor: Robe              |    10 |     9 |    15 ||    34
Dodge: Dodged            |    79 |    56 |   121 ||   256

Table legend: (Time is in decaauts)
 A = Elapsed time spent in this place.
 B = Non-inter-level travel time spent in this place.
 C = Inter-level travel time spent in this place.
 D = Time resting spent in this place.
 E = Time spent auto-exploring this place.
 F = Levels seen in this place.
 G = Mean time per level.
                   A        B        C        D        E       F      G
               +--------+--------+--------+--------+--------+-----+--------+
         Total |   3256 |   3100 |    156 |    148 |   1999 |   8 |  407.0 |
       Dungeon |   3175 |   3039 |    136 |    148 |   1948 |   7 |  453.6 |
        Temple |     80 |     61 |     19 |      0 |     51 |   1 |   80.0 |
               +--------+--------+--------+--------+--------+-----+--------+

Top non-repeatable levels by time:
     D:4: 650 daAuts
     D:6: 549 daAuts
     D:2: 519 daAuts
     D:1: 508 daAuts
     D:5: 471 daAuts
     D:3: 426 daAuts
  Temple: 80 daAuts
     D:7: 49 daAuts
